 Dungeon Crawl Stone Soup version 0.20.0-15-g7f486f2 (webtiles) character file.

188 Quebeb the Skirmisher (level 6, -1/49 HPs)
             Began as a Formicid Chaos Knight on June 22, 2017.
             Slain by an ogre
             ... wielding a +0 giant club
              (21 damage)
             ... on level 4 of the Dungeon.
             The game lasted 00:13:11 (2994 turns).

Quebeb the Skirmisher (Formicid Chaos Knight)       Turns: 2994, Time: 00:13:12

Health: -1/49      AC:  8    Str: 18    XL:     6   Next: 0%
Magic:  6/6        EV: 12    Int: 10    God:    Xom [..*...]
Gold:   255        SH:  0    Dex:  8    Spells: 5/5 levels left

rFire    . . .     SeeInvis +   a - +0 spear (chaos)
rCold    + . .     Gourm    .   (no shield)
rNeg     . . .     Faith    .   b - +2 leather armour
rPois    .         Spirit   .   (helmet unavailable)
rElec    .         Reflect  .   (no cloak)
rCorr    .         Harm     .   (no gloves)
MR       .....                  m - +2 pair of boots
Stlth    +.........             (no amulet)
Regen    0.2/turn               (no ring)
MPRegen  0.1/turn               (no ring)

@: no status effects
A: permanent stasis, dig shafts and tunnels, four strong arms, antennae 3,
clumsy 1, cold resistance 1, dopey 1
a: Dig, Shaft Self, Renounce Religion


You were on level 4 of the Dungeon.
You worshipped Xom.
You were a toy of Xom.
You were not hungry.

You visited 1 branch of the dungeon, and saw 4 of its levels.

You collected 255 gold pieces.

Inventory:

Hand Weapons
 a - a +0 spear of chaos (weapon)
 u - a cursed -2 whip
 y - a +0 hand axe
Missiles
 o - 6 needles of sleeping
Armour
 b - a +2 leather armour (worn)
 m - a +2 pair of boots (worn)
Jewellery
 z - an uncursed ring of magical power
Scrolls
 d - 2 scrolls of teleportation {unknown}
 e - a scroll of enchant weapon {unknown}
 f - 2 scrolls of identify
 g - a scroll of remove curse {unknown}
 i - a scroll of noise {unknown}
 p - a scroll of recharging {unknown}
 r - 2 scrolls of magic mapping {unknown}
 v - a scroll of immolation {unknown}
Potions
 h - a potion of ambrosia {unknown}
 j - a potion of might {unknown}
 k - 2 potions of agility
 l - a potion of curing {unknown}
 n - a potion of cancellation {unknown}
 q - a potion of lignification {unknown}
 s - a potion of haste {unknown}
 w - a potion of invisibility {unknown}
 x - a potion of brilliance {unknown}
Comestibles
 c - 2 bread rations
 t - a meat ration


   Skills:
 + Level 4.5 Fighting
 + Level 4.3 Polearms
 + Level 3.1 Armour
 + Level 2.0 Dodging
 + Level 1.0 Stealth


You had 5 spell levels left.
You didn't know any spells.

Dungeon Overview and Level Annotations

Branches:
Dungeon (4/15)
 Temple: D:4-7

Altars:
Hepliaklqana
Nemelex Xobeh
Sif Muna
Trog


Innate Abilities, Weirdness & Mutations

You cannot be hasted, slowed, berserked, paralysed or teleported.
You can dig through walls and to a lower floor.
Your four strong arms can wield two-handed weapons with a shield.
You have a pair of large antennae on your head. (SInv)
You are clumsy. (Dex -2)
Your flesh is cold resistant. (rC+)
You are dopey. (Int -2)


Message History

You closely miss the ogre.
The ogre is moderately wounded.
The ogre closely misses you.
You closely miss the ogre.
The ogre is moderately wounded.
The ogre hits you with a giant club!! "Hum-dee-hum-dee-hum..."
The ogre suddenly seems more resistant.
Xom grants you insight.
You feel aware of your surroundings.
You sensed 1 altar.
You are now a toy of Xom. "Serve the mortal, my children!"
A giant cockroach comes into view.
Your crimson imp blinks!
Your white imp hits the ogre.
Your white imp freezes the ogre.
The ogre resists.
You hit the ogre. You burn the ogre.
The ogre is heavily wounded.
The ogre hits you with a giant club!!
You die...

, , ,* *,,,, ,, ,,, * * * *
,** ** ****,,**** * , ****
** ,,,,,,,,, * , ,*,,,**
*** **,, * ,*,****,* * ,**
* *, , * *,####,* *####s.,
,* * , *,#....####....,, ,
# , ,*,#..#....#######.#
*,*,*, #...5@.......... *,
,*,* ##.#O############ *
*,*,*#.#.##.........# * ,*
*#.#....#######.# *,*
,*,##..5.#.#.#.###.# * * *
*,*,#...............# ,
,*,#,##..#############*****
,* * #.##..#, ,,,,,{,,,, ,
, ,*, #.....#,{* ,,*,,
*,,,*,


You could see an ogre, a giant cockroach (sleeping), a friendly crimson imp and
a friendly white imp.

Vanquished Creatures
  A worker ant (D:4)
  7 adders
  An ooze (D:2)
  4 worms (D:2)
  4 dart slugs
  A leopard gecko (D:2)
  2 orcs
  3 giant cockroaches
  3 goblins
  5 hobgoblins
  A quokka (D:3)
  2 ball pythons
  5 bats
  A frilled lizard (D:3)
  3 kobolds
  3 rats
46 creatures vanquished.

Vanquished Creatures (collateral kills)
  An orc wizard (D:3)
  A rat (D:1)
2 creatures vanquished.

Vanquished Creatures (others)
  An iron imp (D:3)
  4 orcs (D:3)
5 creatures vanquished.

Grand Total: 53 creatures vanquished

Notes
Turn   | Place    | Note
-------+----------+-------------------------------------------
     0 | D:1      | Quebeb the Formicid Chaos Knight began the quest for the Orb.
     0 | D:1      | Reached XP level 1. HP: 18/18 MP: 1/1
   280 | D:1      | Reached XP level 2. HP: 25/25 MP: 2/2
   341 | D:1      | Reached skill level 1 in Dodging
   626 | D:2      | Found a sparkling altar of Nemelex Xobeh.
   634 | D:2      | Reached XP level 3. HP: 20/30 MP: 3/3
   853 | D:2      | XOM: harmless Pois miscast
   855 | D:2      | Found a hazy altar of Hepliaklqana.
  1012 | D:2      | XOM: cleaving
  1018 | D:2      | Reached XP level 4. HP: 13/37 MP: 4/4
  1173 | D:2      | XOM: give mutations
  1173 | D:2      | Gained mutation: Your body sometimes deteriorates upon taking damage. [Xom's mischief]
  1173 | D:2      | Gained mutation: You are clumsy. (Dex -2) [Xom's mischief]
  1173 | D:2      | Gained mutation: You are dopey. (Int -2) [Xom's mischief]
  1173 | D:2      | Lost mutation: Your body sometimes deteriorates upon taking damage. [Xom's mischief]
  1568 | D:2      | XOM: give mutation
  1568 | D:2      | Gained mutation: Your flesh is cold resistant. (rC+) [Xom's grace]
  1625 | D:2      | XOM: god gift: 6 needles of sleeping
  1915 | D:3      | XOM: destruction
  1917 | D:3      | XOM: cast spell 'Summon Mana Viper'
  1921 | D:3      | Reached XP level 5. HP: 37/43 MP: 5/5
  2123 | D:3      | XOM: noise
  2128 | D:3      | XOM: smoke on damage
  2280 | D:3      | Found a deep blue altar of Sif Muna.
  2295 | D:3      | XOM: destruction
  2406 | D:3      | Noticed Grinder
  2416 | D:3      | Noticed Grinder
  2416 | D:3      | Grinder changed into Grinder the iron imp
  2425 | D:3      | XOM: confuse monster(s)
  2433 | D:3      | Banished Grinder the iron imp
  2675 | D:4      | Found a bloodstained altar of Trog.
  2758 | D:4      | XOM: summons 5 friendly demons
  2844 | D:4      | Reached skill level 1 in Stealth
  2844 | D:4      | Reached XP level 6. HP: 41/49 MP: 6/6
  2906 | D:4      | XOM: divination: detect creatures
  2923 | D:4      | Noticed an ogre
  2931 | D:4      | XOM: enchant monster (good)
  2982 | D:4      | XOM: enchant monster (bad)
  2983 | D:4      | XOM: divination: magic mapping
  2992 | D:4      | XOM: summons 2 friendly demons
  2994 | D:4      | Slain by an ogre

Skill      XL: |  1  2  3  4  5 |
---------------+----------------+-----
Dodging        | 1 2 |  2.0
Fighting       | 4 |  4.5
Polearms       | 4 |  4.3
Armour         | 3 |  3.1
Stealth        | 1 |  1.0

Action                   |  1- 3 |  4- 6 || total
-------------------------+-------+-------++-------
Melee: Spear             |    77 |   143 ||   220
  Use: Scroll            |       |     4 ||     4
 Stab: Confused          |       |     1 ||     1
  Eat: Bread ration      |       |     1 ||     1
       Fruit             |       |     1 ||     1
       Chunk             |       |     1 ||     1
Armor: Leather armour    |    28 |    54 ||    82
Dodge: Dodged            |    49 |    72 ||   121
